BR
GRAND RAPIDS DUTCH OVENS @ HARTFORD DARTH WHALERS
07/24/2027
 
TOP OF THE 1ST
Grand Rapids Dutch Ovens batting - Pitching for Hartford Darth Whalers : RHP Junior Pineault
Pitching: RHP Junior Pineault
Batting: RHB José Wills 0-0: Ball
1-0: Swinging Strike
1-1: Called Strike
1-2: Ball
2-2: Foul Ball, location: 2F
2-2: Ball
3-2: Base on Balls
Batting: SHB Víctor Torres 0-0: Ball
1-0: Called Strike
1-1: Foul Ball, location: 2F
1-2: SINGLE (Groundball, 34D)
José Wills to second
Throwing error, E9
José Wills scores
Víctor Torres to second
Batting: RHB Tim Lee 0-0: Ground out 6-3 (Groundball, 6)
Batting: LHB Nick Weber 0-0: Ball
1-0: Ground out 5-3 (Groundball, 25)
Víctor Torres to third
Batting: RHB William Todd 0-0: Fly out, F4 (Popup, 4)
Top of the 1st over - 1 run(s), 1 hit(s), 1 error(s), 1 left on base; Grand Rapids 1 - Hartford 0
BOTTOM OF THE 1ST
Hartford Darth Whalers batting - Pitching for Grand Rapids Dutch Ovens : RHP Ethan Knight
Pitching: RHP Ethan Knight
Batting: RHB José Chávez 0-0: Ball
1-0: Ball
2-0: Called Strike
2-1: Fly out, F8 (Flyball, 8RD)
Batting: RHB Augusto Padilla 0-0: Called Strike
0-1: Ball
1-1: Swinging Strike
1-2: Ball
2-2: SINGLE (Line Drive, 4MD)
Batting: RHB Gabriel Ángel 0-0: Foul Ball, location: 2F
0-1: Ground out 4-3 (Groundball, 3D)
Augusto Padilla to second
Batting: LHB César Martínez 0-0: Ball
1-0: Fly out, F9 (Flyball, 89S)
Bottom of the 1st over - 0 run(s), 1 hit(s), 0 error(s), 1 left on base; Grand Rapids 1 - Hartford 0
TOP OF THE 2ND
Grand Rapids Dutch Ovens batting - Pitching for Hartford Darth Whalers : RHP Junior Pineault
Batting: LHB Félix Costa 0-0: Ball
1-0: Foul Ball, location: 2F
1-1: Called Strike
1-2: Foul Ball, location: 2F
1-2: SINGLE (Flyball, 7LS)
Batting: LHB Lee Jenkins 0-0: SINGLE (Groundball, 3) (infield hit)
Félix Costa to second
Batting: RHB Takuro Okawa 0-0: Ball
1-0: Foul Ball, location: 2F
1-1: Swinging Strike
1-2: Fly out, F9 (Line Drive, 89M)
Runner from 2nd tags up, SAFE at 3rd with throw
Batting: RHB Kelsey Scott 0-0: 3-RUN HOME RUN (Flyball, 8LXD), Distance : 447 ft
Batting: RHB José Wills 0-0: Foul Ball, location: 2F
0-1: Fly out, F6 (Popup, 6D)
Batting: SHB Víctor Torres 0-0: Swinging Strike
0-1: Ball
1-1: Swinging Strike
1-2: Ball
2-2: Ball
3-2: SINGLE (Groundball, 34D)
Batting: RHB Tim Lee 0-0: Fielders Choice at 2nd, 6-4 (Groundball, 6)
Top of the 2nd over - 3 run(s), 4 hit(s), 0 error(s), 0 left on base; Grand Rapids 4 - Hartford 0
BOTTOM OF THE 2ND
Hartford Darth Whalers batting - Pitching for Grand Rapids Dutch Ovens : RHP Ethan Knight
Batting: RHB Sean White 0-0: Foul Ball, location: 2F
0-1: Called Strike
0-2: Foul Ball, location: 2F
0-2: Ball
1-2: Ball
2-2: Foul Ball, location: 2F
2-2: Foul Ball, location: 2F
2-2: SOLO HOME RUN (Flyball, 78XD), Distance : 439 ft
Batting: RHB Sidney Smith 0-0: Called Strike
0-1: Fly out, F8 (Line Drive, 8LM)
Batting: RHB Luis Manuel Miranda 0-0: Ball
1-0: SINGLE (Line Drive, 6MD)
Batting: LHB Pancho Hernández 0-0: Fly out, F3 (Line Drive, 34)
Lined into DP, U3 (Line Drive, 34)
Bottom of the 2nd over - 1 run(s), 2 hit(s), 0 error(s), 0 left on base; Grand Rapids 4 - Hartford 1
TOP OF THE 3RD
Grand Rapids Dutch Ovens batting - Pitching for Hartford Darth Whalers : RHP Junior Pineault
Batting: LHB Nick Weber 0-0: Ball
1-0: Ball
2-0: Ball
3-0: Base on Balls
Batting: RHB William Todd 0-0: Ball
1-0: Ball
2-0: Called Strike
Pickoff Throw by Catcher to First - Error! E2
Nick Weber to second
2-1: Foul Ball, location: 2F
2-2: Fly out, F4 (Popup, 34D)
Batting: LHB Félix Costa 0-0: Called Strike
0-1: Foul Ball, location: 2F
0-2: Foul Ball, location: 2F
0-2: Ball
1-2: Ball
2-2: Ground out 3-1 (Groundball, 34)
Nick Weber to third
Batting: LHB Lee Jenkins 0-0: Ball
1-0: Fly out, F7 (Flyball, 7S)
Top of the 3rd over - 0 run(s), 0 hit(s), 1 error(s), 1 left on base; Grand Rapids 4 - Hartford 1
BOTTOM OF THE 3RD
Hartford Darth Whalers batting - Pitching for Grand Rapids Dutch Ovens : RHP Ethan Knight
Batting: RHB Chester Mullins 0-0: Ball
1-0: Foul Ball, location: 2F
1-1: Ball
2-1: Swinging Strike
2-2: Strikes out swinging
Batting: RHB José Chávez 0-0: Called Strike
0-1: Ball
1-1: Ball
2-1: Fly out, F7 (Flyball, 7)
Batting: RHB Augusto Padilla 0-0: Ball
1-0: SINGLE (Line Drive, 56D)
Batting: RHB Gabriel Ángel 0-0: Called Strike
0-1: Foul Ball, location: 2F
0-2: Foul Ball, location: 2F
0-2: Ball
Augusto Padilla is caught stealing 2nd base
Bottom of the 3rd over - 0 run(s), 1 hit(s), 0 error(s), 0 left on base; Grand Rapids 4 - Hartford 1
TOP OF THE 4TH
Grand Rapids Dutch Ovens batting - Pitching for Hartford Darth Whalers : RHP Junior Pineault
Batting: RHB Takuro Okawa 0-0: Ball
1-0: Ball
2-0: Foul Ball, location: 2F
2-1: Fly out, F8 (Flyball, 8LM)
Batting: RHB Kelsey Scott 0-0: Foul Ball, location: 2F
0-1: Ball
1-1: Foul Ball, location: 2F
1-2: Foul Ball, location: 2F
1-2: Ball
2-2: Strikes out swinging
Batting: RHB José Wills 0-0: Hit by Pitch
Batting: SHB Víctor Torres 0-0: Fly out, F8 (Flyball, 89D)
Top of the 4th over - 0 run(s), 0 hit(s), 0 error(s), 1 left on base; Grand Rapids 4 - Hartford 1
BOTTOM OF THE 4TH
Hartford Darth Whalers batting - Pitching for Grand Rapids Dutch Ovens : RHP Ethan Knight
Batting: RHB Gabriel Ángel 0-0: Ball
1-0: Called Strike
1-1: Ball
2-1: Called Strike
2-2: Ball
3-2: SINGLE (Groundball, 56D)
Batting: LHB César Martínez 0-0: Called Strike
0-1: Called Strike
0-2: Foul Ball, location: 2F
0-2: Ball
1-2: SINGLE (Groundball, 4S) (infield hit)
Gabriel Ángel to second
Batting: RHB Sean White 0-0: Called Strike
0-1: Ball
1-1: Called Strike
1-2: Strikes out swinging
Batting: RHB Sidney Smith 0-0: Ball
1-0: Called Strike
1-1: Ball
2-1: Called Strike
2-2: SINGLE (Groundball, 34D)
Gabriel Ángel to third
César Martínez to second
Runner from 3rd tries for Home, SAFE, throw made home
Pitching: RHP José Rocha
Batting: RHB Luis Manuel Miranda 0-0: Ball
1-0: Called Strike
1-1: Ball
2-1: Fielders Choice at 2nd, 3-6 (Groundball, 34)
César Martínez to third
Batting: LHB Pancho Hernández 0-0: Ball
1-0: Foul Ball, location: 2F
1-1: SINGLE (Groundball, 6MD)
César Martínez scores
Luis Manuel Miranda to second
Batting: RHB Chester Mullins 0-0: Ball
1-0: SINGLE (Line Drive, 5D)
Luis Manuel Miranda to third
Pancho Hernández to second
Runner from 3rd tries for Home, SAFE, no throw
Batting: RHB José Chávez 0-0: Ball
1-0: Called Strike
1-1: Ground out 1-3 (Groundball, 13S)
Bottom of the 4th over - 3 run(s), 5 hit(s), 0 error(s), 2 left on base; Grand Rapids 4 - Hartford 4
TOP OF THE 5TH
Grand Rapids Dutch Ovens batting - Pitching for Hartford Darth Whalers : RHP Junior Pineault
Batting: RHB Tim Lee 0-0: Foul Ball, location: 2F
0-1: Foul Ball, location: 2F
0-2: Foul Ball, location: 2F
0-2: Ball
1-2: Ball
2-2: Strikes out swinging
Batting: LHB Nick Weber 0-0: Called Strike
0-1: Ball
1-1: Ground out 3-1 (Groundball, 34)
Batting: RHB William Todd 0-0: Ball
1-0: Hit by Pitch
Batting: LHB Félix Costa 0-0: Ball
1-0: Ball
2-0: Called Strike
2-1: Ball
3-1: Foul Ball, location: 2F
3-2: Ground out 4-3 (Groundball, 34)
Top of the 5th over - 0 run(s), 0 hit(s), 0 error(s), 1 left on base; Grand Rapids 4 - Hartford 4
BOTTOM OF THE 5TH
Hartford Darth Whalers batting - Pitching for Grand Rapids Dutch Ovens : RHP José Rocha
Batting: RHB Augusto Padilla 0-0: Ball
1-0: Swinging Strike
1-1: Foul Ball, location: 2F
1-2: Strikes out swinging
Batting: RHB Gabriel Ángel 0-0: Fly out, F8 (Line Drive, 78S)
Batting: LHB César Martínez 0-0: Called Strike
0-1: Foul Ball, location: 2F
0-2: Fly out, F7 (Flyball, 7S)
Bottom of the 5th over - 0 run(s), 0 hit(s), 0 error(s), 0 left on base; Grand Rapids 4 - Hartford 4
TOP OF THE 6TH
Grand Rapids Dutch Ovens batting - Pitching for Hartford Darth Whalers : RHP Junior Pineault
Pitching: RHP Jesús Álvarez
Batting: LHB Lee Jenkins 0-0: Ball
1-0: Foul Ball, location: 2F
1-1: DOUBLE (Line Drive, 7LM)
Batting: RHB Takuro Okawa 0-0: Fly out, F8 (Flyball, 89M)
Batting: RHB Kelsey Scott 0-0: Called Strike
0-1: Called Strike
0-2: Ball
1-2: Ball
2-2: Ball
3-2: Fly out, F8 (Flyball, 89M)
Batting: RHB José Wills 0-0: Fly out, F8 (Flyball, 8RS)
Top of the 6th over - 0 run(s), 1 hit(s), 0 error(s), 1 left on base; Grand Rapids 4 - Hartford 4
BOTTOM OF THE 6TH
Hartford Darth Whalers batting - Pitching for Grand Rapids Dutch Ovens : RHP José Rocha
Batting: RHB Sean White 0-0: Ball
1-0: Called Strike
1-1: Foul Ball, location: 2F
1-2: Ball
2-2: Strikes out swinging
Batting: RHB Sidney Smith 0-0: Ball
1-0: Ball
2-0: Called Strike
2-1: Ground out 6-3 (Groundball, 6M)
Batting: RHB Luis Manuel Miranda 0-0: Ball
1-0: Fly out, F8 (Line Drive, 8LM)
Bottom of the 6th over - 0 run(s), 0 hit(s), 0 error(s), 0 left on base; Grand Rapids 4 - Hartford 4
TOP OF THE 7TH
Grand Rapids Dutch Ovens batting - Pitching for Hartford Darth Whalers : RHP Jesús Álvarez
Batting: SHB Víctor Torres 0-0: Ball
1-0: Foul Ball, location: 2F
1-1: Foul Ball, location: 2F
1-2: Ball
2-2: DOUBLE (Line Drive, 9LM)
Pinch Hitting: LHB Luis Salazar 0-0: Intentional Walk
Pinch Hitting: RHB Manuel Flores 0-0: Fly out, F9 (Flyball, 9LM)
Pinch Hitting: RHB António Aguilera 0-0: Called Strike
0-1: Called Strike
0-2: Ball
1-2: Strikes out looking
Batting: LHB Félix Costa 0-0: Foul Ball, location: 2F
0-1: Ball
1-1: Ball
2-1: Foul Ball, location: 2F
2-2: Foul Ball, location: 2F
2-2: Foul Ball, location: 2F
2-2: Ball
3-2: 3-RUN HOME RUN (Flyball, 9LD), Distance : 369 ft
Pitching: RHP James Jones
Batting: LHB Lee Jenkins 0-0: Ball
1-0: Foul Ball, location: 2F
1-1: Called Strike
1-2: Strikes out looking
Top of the 7th over - 3 run(s), 2 hit(s), 0 error(s), 0 left on base; Grand Rapids 7 - Hartford 4
BOTTOM OF THE 7TH
Hartford Darth Whalers batting - Pitching for Grand Rapids Dutch Ovens : RHP José Rocha
Now at 2B: Manuel Flores
Now at 3B: Theodore Burns
Now at SS: Luis Salazar
Batting: LHB Pancho Hernández 0-0: Swinging Strike
0-1: Ball
1-1: Fly out, F8 (Line Drive, 8LM)
Pitching: LHP Jorge Luna
Batting: RHB Chester Mullins 0-0: Foul Ball, location: 2F
0-1: Ball
1-1: Swinging Strike
1-2: Strikes out swinging
Batting: RHB José Chávez 0-0: Ball
1-0: Ball
2-0: Ball
3-0: Called Strike
3-1: Called Strike
3-2: Foul Ball, location: 2F
3-2: Fly out, F9 (Line Drive, 9LM)
Bottom of the 7th over - 0 run(s), 0 hit(s), 0 error(s), 0 left on base; Grand Rapids 7 - Hartford 4
TOP OF THE 8TH
Grand Rapids Dutch Ovens batting - Pitching for Hartford Darth Whalers : RHP James Jones
Batting: RHB Takuro Okawa 0-0: Ball
1-0: Called Strike
1-1: Foul Ball, location: 2F
1-2: Ball
2-2: DOUBLE (Line Drive, 78M)
Batting: RHB Kelsey Scott 0-0: Intentional Walk
Batting: RHB José Wills 0-0: Grounds into double play, 6-4-3 (Groundball, 6)
Takuro Okawa to third
Batting: SHB Víctor Torres 0-0: Ball
1-0: Ball
2-0: DOUBLE (Line Drive, 78D)
Takuro Okawa scores
Batting: LHB Luis Salazar 0-0: Ball
1-0: DOUBLE (Flyball, 89D)
Víctor Torres scores
Batting: RHB Manuel Flores 0-0: Foul Ball, location: 2F
0-1: Ball
1-1: Called Strike
1-2: Foul Ball, location: 2F
1-2: Foul Ball, location: 2F
1-2: Ball
2-2: Foul Ball, location: 2F
2-2: DOUBLE (Groundball, 3L)
Luis Salazar scores
Batting: RHB Theodore Burns 0-0: Ball
1-0: Ball
2-0: Foul Ball, location: 2F
2-1: Ball
3-1: Fly out, F4 (Line Drive, 4M)
Top of the 8th over - 3 run(s), 4 hit(s), 0 error(s), 1 left on base; Grand Rapids 10 - Hartford 4
BOTTOM OF THE 8TH
Hartford Darth Whalers batting - Pitching for Grand Rapids Dutch Ovens : LHP Jorge Luna
Batting: RHB Augusto Padilla 0-0: Ball
1-0: Ball
2-0: Ball
3-0: Called Strike
3-1: Foul Ball, location: 2F
3-2: Ground out 6-3 (Groundball, 56)
Batting: RHB Gabriel Ángel 0-0: Fly out, F8 (Line Drive, 8RM)
Batting: LHB César Martínez 0-0: Foul Ball, location: 2F
0-1: Ball
1-1: Fly out, F9 (Flyball, 9LMF)
Bottom of the 8th over - 0 run(s), 0 hit(s), 0 error(s), 0 left on base; Grand Rapids 10 - Hartford 4
TOP OF THE 9TH
Grand Rapids Dutch Ovens batting - Pitching for Hartford Darth Whalers : RHP James Jones
Batting: LHB Félix Costa 0-0: Called Strike
0-1: Foul Ball, location: 2F
0-2: Ball
1-2: Ball
2-2: Ball
3-2: Fly out, F7 (Flyball, 7S)
Batting: LHB Lee Jenkins 0-0: Ball
1-0: Ball
2-0: Ball
3-0: Called Strike
3-1: Called Strike
3-2: Strikes out swinging
Batting: RHB Takuro Okawa 0-0: Ball
1-0: Called Strike
1-1: Foul Ball, location: 2F
1-2: Ball
2-2: Strikes out swinging
Top of the 9th over - 0 run(s), 0 hit(s), 0 error(s), 0 left on base; Grand Rapids 10 - Hartford 4
BOTTOM OF THE 9TH
Hartford Darth Whalers batting - Pitching for Grand Rapids Dutch Ovens : LHP Jorge Luna
Batting: RHB Sean White 0-0: Ball
1-0: Called Strike
1-1: Ground out 4-3 (Groundball, 4)
Batting: RHB Sidney Smith 0-0: Foul Ball, location: 2F
0-1: Swinging Strike
0-2: Ball
1-2: Strikes out looking
Batting: RHB Luis Manuel Miranda 0-0: Called Strike
0-1: Ball
1-1: Swinging Strike
1-2: Strikes out swinging
Bottom of the 9th over - 0 run(s), 0 hit(s), 0 error(s), 0 left on base; Grand Rapids 10 - Hartford 4
Thursday, March 30th, 2017 - OOTP Baseball 17.12 Build 75